[Event "26th OIBM 2023"]
[Site "Gmund am Tegernsee"]
[Date "2023.10.28"]
[Round "1.24"]
[White "Womacka, Mathias"]
[Black "Manucharyan, Andriy"]
[Result "1/2-1/2"]
[ECO "C07"]
[WhiteElo "2371"]
[BlackElo "2058"]
[Annotator "ChessBase"]
[PlyCount "120"]
[EventDate "2023.10.04"]
[EventType "swiss"]
[EventCountry "GER"]
[SourceTitle "playchess.com"]
[Source "ChessBase"]
[SourceQuality "1"]
[TimeControl "40/5400+30:1800+30"]

1. e4 e6 2. d4 d5 3. Nd2 c5 4. exd5 Qxd5 5. Ngf3 cxd4 6. Bc4 Qd6 7. O-O Nf6 8. Nb3 Nc6 9. Nbxd4 Nxd4 10. Nxd4 a6 11. b3 Qc7 12. Bb2 Bd6 13. Nf3 b5 14. Bd3 Bb7 15. c4 bxc4 16. Rc1 Qa5 17. Rxc4 Rd8 18. Bxf6 gxf6 19. Qe2 Qh5 20. Rh4 Bxf3 21. Rxh5 Bxe2 22. Bxe2 Ke7 23. Ra5 Ra8 24. Rc1 Bb4 25. Rxa6 Rxa6 26. Bxa6 Ra8 27. Rc6 f5 28. g3 Rd8 29. Rc4 Ba5 30. b4 Bb6 31. Rc2 Rd1+ 32. Kg2 Rb1 33. b5 Bd4 34. h3 Rb2 35. Rxb2 Bxb2 36. b6 Bd4 37. b7 Ba7 38. Kf3 e5 39. Bc4 h6 40. g4 fxg4+ 41. hxg4 f6 42. Ke4 Kd6 43. f3 Kc7 44. Bd5 Bf2 45. Kf5 Bh4 46. Ke6 Bg5 47. Be4 Bh4 48. a4 Bg5 49. a5 Bh4 50. a6 Kb8 51. Kd7 Bf2 52. Kd6 Be3 53. Bd5 Bf2 54. Ke7 Bh4 55. Ke6 Bg5 56. Be4 Bh4 57. Kd6 Bf2 58. a7+ Bxa7 59. Ke6 Be3 60. Kxf6 Bf4 1/2-1/2

[Event "26th OIBM 2023"]
[Site "Gmund am Tegernsee"]
[Date "2023.10.28"]
[Round "1.25"]
[White "Stock, Christoph"]
[Black "Manish Anto Cristiano F"]
[Result "0-1"]
[ECO "D00"]
[WhiteElo "2058"]
[BlackElo "2368"]
[Annotator "ChessBase"]
[PlyCount "44"]
[EventDate "2023.10.04"]
[EventType "swiss"]
[EventCountry "GER"]
[SourceTitle "playchess.com"]
[Source "ChessBase"]
[SourceQuality "1"]
[TimeControl "40/5400+30:1800+30"]

1. d4 d5 2. Nc3 Nf6 3. Bf4 e6 4. Nb5 Na6 5. e3 Be7 6. f3 c6 7. Nc3 Qb6 8. Rb1 Nh5 9. Nge2 Nxf4 10. Nxf4 Bd7 11. Nd3 O-O 12. a3 c5 13. Ne5 Be8 14. Be2 f6 15. Ng4 f5 16. Ne5 f4 17. dxc5 Nxc5 18. e4 Bh4+ 19. Kf1 Nxe4 20. Nxe4 dxe4 21. g3 fxg3 22. hxg3 Bxg3 0-1

[Event "26th OIBM 2023"]
[Site "Gmund am Tegernsee"]
[Date "2023.10.28"]
[Round "1.26"]
[White "Besou, Hussain"]
[Black "Barthel, Ansgar"]
[Result "1-0"]
[ECO "B04"]
[WhiteElo "2351"]
[BlackElo "2056"]
[Annotator "ChessBase"]
[PlyCount "99"]
[EventDate "2023.10.04"]
[EventType "swiss"]
[EventCountry "GER"]
[SourceTitle "playchess.com"]
[Source "ChessBase"]
[SourceQuality "1"]
[TimeControl "40/5400+30:1800+30"]

1. e4 Nf6 2. e5 Nd5 3. d4 d6 4. Nf3 dxe5 5. Nxe5 c6 6. Bc4 Nd7 7. Nf3 N7f6 8. O-O Bg4 9. Be2 e6 10. Re1 Be7 11. Ne5 Bxe2 12. Qxe2 O-O 13. c4 Nb6 14. Rd1 Qc8 15. Nc3 c5 16. Be3 cxd4 17. Bxd4 Bc5 18. Qe3 Bxd4 19. Rxd4 Qc5 20. Rad1 Rac8 21. b3 a6 22. Ne2 Qc7 23. h4 Rfd8 24. Nf4 Rxd4 25. Qxd4 Kf8 26. a4 Ke7 27. Re1 Qc5 28. Qc3 Nbd7 29. Nxd7 Kxd7 30. Qg3 g6 31. Nd3 Qd4 32. Qf3 Rc7 33. Ne5+ Ke7 34. g4 Rc5 35. Qxb7+ Nd7 36. Qxd7+ Qxd7 37. Nxd7 Kxd7 38. Kg2 h5 39. g5 Rf5 40. Re4 Ke7 41. f4 Rc5 42. b4 Rc7 43. Rd4 f6 44. gxf6+ Kxf6 45. Kf3 Kf5 46. b5 axb5 47. axb5 Ra7 48. Re4 Ra4 49. Re5+ Kf6 50. Rc5 1-0

[Event "26th OIBM 2023"]
[Site "Gmund am Tegernsee"]
[Date "2023.10.28"]
[Round "1.27"]
[White "Stanescu, Christian"]
[Black "Weber, Ulrich"]
[Result "0-1"]
[ECO "E92"]
[WhiteElo "2056"]
[BlackElo "2349"]
[Annotator "ChessBase"]
[PlyCount "94"]
[EventDate "2023.10.04"]
[EventType "swiss"]
[EventCountry "GER"]
[SourceTitle "playchess.com"]
[Source "ChessBase"]
[SourceQuality "1"]
[TimeControl "40/5400+30:1800+30"]

1. Nf3 Nf6 2. c4 g6 3. Nc3 Bg7 4. e4 d6 5. d4 O-O 6. Be2 e5 7. d5 a5 8. Be3 Ng4 9. Bg5 f6 10. Bh4 Na6 11. Nd2 h5 12. h3 Nh6 13. g4 hxg4 14. hxg4 Bd7 15. f3 Nf7 16. Bd3 Bh6 17. Qe2 Kg7 18. O-O-O Rh8 19. Kb1 Rh7 20. Rdg1 Qh8 21. Be1 Bf4 22. Qg2 Bh2 23. Rf1 Rh6 24. Ne2 Qh7 25. Bf2 Rh8 26. a3 Kf8 27. Rd1 Ke7 28. Nf1 Bf4 29. Nfg3 Nc5 30. Bc2 Rh2 31. Qg1 b6 32. Rxh2 Qxh2 33. Qxh2 Rxh2 34. Rf1 Ng5 35. Be1 a4 36. Bc3 b5 37. Bd1 bxc4 38. Nxf4 exf4 39. Ne2 Nd3 40. Bd2 Nxf3 41. Rxf3 Bxg4 42. Bxf4 Rh1 43. Re3 Rxd1+ 44. Kc2 Bxe2 45. Rxe2 Nxf4 46. Kxd1 Nxe2 47. Kxe2 g5 0-1

[Event "26th OIBM 2023"]
[Site "Gmund am Tegernsee"]
[Date "2023.10.28"]
[Round "1.28"]
[White "Zawadzka, Jolanta"]
[Black "Bianco, Valerio"]
[Result "1-0"]
[ECO "C13"]
[WhiteElo "2342"]
[BlackElo "2055"]
[Annotator "ChessBase"]
[PlyCount "43"]
[EventDate "2023.10.04"]
[EventType "swiss"]
[EventCountry "GER"]
[SourceTitle "playchess.com"]
[Source "ChessBase"]
[SourceQuality "1"]
[TimeControl "40/5400+30:1800+30"]

1. e4 e6 2. d4 d5 3. Nc3 Nf6 4. Bg5 dxe4 5. Nxe4 Nbd7 6. Nf3 Be7 7. Nxf6+ Bxf6 8. h4 c5 9. Qd2 O-O 10. O-O-O cxd4 11. Nxd4 Qb6 12. Nb3 a5 13. a4 e5 14. Be3 Qc7 15. Bb5 Rd8 16. Qe2 b6 17. f3 Bb7 18. Qf2 Bc6 19. Qe2 Bxb5 20. Qxb5 Rac8 21. Rd2 Nc5 22. Rxd8+ 1-0

[Event "26th OIBM 2023"]
[Site "Gmund am Tegernsee"]
[Date "2023.10.28"]
[Round "1.29"]
[White "Jerie, Sven"]
[Black "Reimann, Sebastian"]
[Result "0-1"]
[ECO "B90"]
[WhiteElo "2055"]
[BlackElo "2342"]
[Annotator "ChessBase"]
[PlyCount "68"]
[EventDate "2023.10.04"]
[EventType "swiss"]
[EventCountry "GER"]
[SourceTitle "playchess.com"]
[Source "ChessBase"]
[SourceQuality "1"]
[TimeControl "40/5400+30:1800+30"]

1. e4 c5 2. Nf3 d6 3. d4 cxd4 4. Nxd4 Nf6 5. Nc3 a6 6. Be3 e5 7. Nb3 Be6 8. f3 Be7 9. Qd2 h5 10. Nd5 Nxd5 11. exd5 Bf5 12. Be2 a5 13. a4 O-O 14. O-O Nd7 15. f4 exf4 16. Bxf4 Rc8 17. c4 Bg4 18. Bxg4 hxg4 19. Nxa5 Qb6+ 20. Kh1 Bf6 21. Rab1 Rfe8 22. b4 Re4 23. Rfc1 Qa6 24. Bg3 Rce8 25. b5 Qb6 26. Nb3 Ne5 27. Bf2 Qd8 28. Qa5 Qd7 29. c5 Nd3 30. Rf1 Re2 31. c6 Qf5 32. Bg1 Qe4 33. Bf2 Nxf2+ 34. Rxf2 Qxb1+ 0-1

[Event "26th OIBM 2023"]
[Site "Gmund am Tegernsee"]
[Date "2023.10.28"]
[Round "1.30"]
[White "Lammers, Markus"]
[Black "Kolthoff, Siegmund"]
[Result "1-0"]
[ECO "D12"]
[WhiteElo "2336"]
[BlackElo "2055"]
[Annotator "ChessBase"]
[PlyCount "103"]
[EventDate "2023.10.04"]
[EventType "swiss"]
[EventCountry "GER"]
[SourceTitle "playchess.com"]
[Source "ChessBase"]
[SourceQuality "1"]
[TimeControl "40/5400+30:1800+30"]

1. Nf3 d5 2. c4 c6 3. d4 Nf6 4. e3 Bf5 5. Nc3 e6 6. Nh4 Be4 7. f3 Bg6 8. g3 Nbd7 9. Be2 Be7 10. Ng2 O-O 11. Nf4 dxc4 12. Bxc4 e5 13. Nxg6 hxg6 14. O-O exd4 15. Qxd4 Bc5 16. Qf4 Qe7 17. Kh1 Ne5 18. Be2 Rad8 19. e4 Nd3 20. Qg5 Rfe8 21. Be3 Bxe3 22. Qxe3 Qc5 23. Qxc5 Nxc5 24. Rfd1 Rxd1+ 25. Rxd1 a5 26. Kg2 g5 27. h3 Kf8 28. Kf2 Re7 29. Rd8+ Re8 30. Rd1 Re7 31. Ke3 Rd7 32. Rc1 Ne6 33. Na4 Nh5 34. Bc4 Nxg3 35. Bxe6 fxe6 36. Rg1 Nh5 37. Rxg5 Nf6 38. Rxa5 Re7 39. Ra8+ Kf7 40. Nc5 b6 41. Nd3 Nd7 42. Rc8 c5 43. Rd8 Kf6 44. Kf4 e5+ 45. Kg4 Ke6 46. h4 Rf7 47. Re8+ Kd6 48. Kg3 Rf6 49. Nf2 Rf7 50. Ng4 Re7 51. Rg8 b5 52. Ne3 1-0

[Event "26th OIBM 2023"]
[Site "Gmund am Tegernsee"]
[Date "2023.10.28"]
[Round "1.31"]
[White "Niese, Holger"]
[Black "Dolzhykova, Kateryna"]
[Result "0-1"]
[ECO "B75"]
[WhiteElo "2053"]
[BlackElo "2336"]
[Annotator "ChessBase"]
[PlyCount "40"]
[EventDate "2023.10.04"]
[EventType "swiss"]
[EventCountry "GER"]
[SourceTitle "playchess.com"]
[Source "ChessBase"]
[SourceQuality "1"]
[TimeControl "40/5400+30:1800+30"]

1. e4 c5 2. Nf3 d6 3. d4 cxd4 4. Nxd4 Nf6 5. Nc3 g6 6. Be3 Bg7 7. f3 a6 8. Qd2 h5 9. O-O-O b5 10. a4 bxa4 11. Nxa4 Bd7 12. Nc3 Nc6 13. Bc4 Rb8 14. Nxc6 Bxc6 15. Bb3 Qc7 16. h3 h4 17. Bg5 a5 18. Rhe1 Rh5 19. Nd5 Bxd5 20. exd5 Rxb3 0-1

[Event "26th OIBM 2023"]
[Site "Gmund am Tegernsee"]
[Date "2023.10.28"]
[Round "1.32"]
[White "Zude, Arno"]
[Black "Kobl, Rudolf"]
[Result "1/2-1/2"]
[ECO "B48"]
[WhiteElo "2333"]
[BlackElo "2052"]
[Annotator "ChessBase"]
[PlyCount "61"]
[EventDate "2023.10.04"]
[EventType "swiss"]
[EventCountry "GER"]
[SourceTitle "playchess.com"]
[Source "ChessBase"]
[SourceQuality "1"]
[TimeControl "40/5400+30:1800+30"]

1. e4 c5 2. Nf3 e6 3. d4 cxd4 4. Nxd4 Nc6 5. Nc3 Qc7 6. Be3 a6 7. Qd2 Nf6 8. O-O-O Be7 9. f3 b5 10. Nxc6 dxc6 11. Qf2 e5 12. Bb6 Qb7 13. Bc5 O-O 14. Be2 Be6 15. Kb1 Rfd8 16. Bxe7 Qxe7 17. Qb6 Rdc8 18. Rd2 Qa7 19. Qxa7 Rxa7 20. Rhd1 Rd7 21. Rxd7 Nxd7 22. Rd2 Kf8 23. Nd1 Ke7 24. Ne3 g6 25. g3 f6 26. b3 Nc5 27. Kc1 a5 28. Bf1 Ra8 29. Be2 Rc8 30. Bf1 Ra8 31. Be2 1/2-1/2

[Event "26th OIBM 2023"]
[Site "Gmund am Tegernsee"]
[Date "2023.10.28"]
[Round "1.33"]
[White "Holgert, Michael"]
[Black "Nguyen, Alex Dac-Vuong"]
[Result "0-1"]
[ECO "D02"]
[WhiteElo "2051"]
[BlackElo "2333"]
[Annotator "ChessBase"]
[PlyCount "74"]
[EventDate "2023.10.04"]
[EventType "swiss"]
[EventCountry "GER"]
[SourceTitle "playchess.com"]
[Source "ChessBase"]
[SourceQuality "1"]
[TimeControl "40/5400+30:1800+30"]

1. d4 Nf6 2. Nf3 d5 3. Bf4 c5 4. e3 Nc6 5. Nbd2 Qb6 6. dxc5 Qxb2 7. c4 Bf5 8. Qc1 Qxc1+ 9. Rxc1 h6 10. Nd4 Bd7 11. Nb5 O-O-O 12. Bc7 Re8 13. Bg3 e5 14. cxd5 Nxd5 15. Nc4 Kb8 16. Nbd6 Bxd6 17. Nxd6 Re7 18. Bc4 Be6 19. O-O Nc7 20. Rb1 Bxc4 21. Nxc4 h5 22. f3 h4 23. Bf2 h3 24. g4 Ne6 25. Nd6 Rd8 26. Rfc1 Ng5 27. f4 Nf3+ 28. Kh1 g6 29. Bg3 Ka8 30. Rf1 exf4 31. Rxf3 fxg3 32. Rxg3 b6 33. Rxh3 bxc5 34. Nb5 Rb7 35. e4 Rdb8 36. Rhb3 c4 37. R3b2 c3 0-1

[Event "26th OIBM 2023"]
[Site "Gmund am Tegernsee"]
[Date "2023.10.28"]
[Round "1.34"]
[White "Chassard, Cedric"]
[Black "Mueller-Dehn, Christian"]
[Result "1-0"]
[ECO "C41"]
[WhiteElo "2326"]
[BlackElo "2051"]
[Annotator "ChessBase"]
[PlyCount "55"]
[EventDate "2023.10.04"]
[EventType "swiss"]
[EventCountry "GER"]
[SourceTitle "playchess.com"]
[Source "ChessBase"]
[SourceQuality "1"]
[TimeControl "40/5400+30:1800+30"]

1. e4 d6 2. d4 Nf6 3. Nc3 e5 4. Nf3 Nbd7 5. g4 Nxg4 6. Rg1 Ngf6 7. Be3 c6 8. Qd2 b5 9. O-O-O Qa5 10. dxe5 dxe5 11. Kb1 b4 12. Na4 Nxe4 13. Qd3 Nd6 14. Qb3 Ba6 15. Bxa6 Qxa6 16. Nc5 Qb5 17. Nxd7 Kxd7 18. Qxf7+ Be7 19. Rxd6+ Kxd6 20. Rd1+ Qd5 21. Rxd5+ cxd5 22. Bc5+ Kxc5 23. Qxe7+ Kb5 24. Qb7+ Kc5 25. Qc7+ Kb5 26. Nxe5 Rhe8 27. Qc6+ Ka5 28. Qxd5+ 1-0

[Event "26th OIBM 2023"]
[Site "Gmund am Tegernsee"]
[Date "2023.10.28"]
[Round "1.35"]
[White "Hornung, Hans"]
[Black "Kulon, Klaudia"]
[Result "0-1"]
[ECO "E71"]
[WhiteElo "2050"]
[BlackElo "2319"]
[Annotator "ChessBase"]
[PlyCount "78"]
[EventDate "2023.10.04"]
[EventType "swiss"]
[EventCountry "GER"]
[SourceTitle "playchess.com"]
[Source "ChessBase"]
[SourceQuality "1"]
[TimeControl "40/5400+30:1800+30"]

1. c4 Nf6 2. Nc3 g6 3. e4 d6 4. d4 Bg7 5. h3 O-O 6. Bg5 h6 7. Be3 e5 8. d5 Na6 9. Bd3 Nc5 10. Bc2 a5 11. Nge2 Nh5 12. Qd2 g5 13. Ng3 Nf4 14. f3 Ng6 15. O-O-O Nh4 16. Kb1 Bd7 17. Nf5 Bxf5 18. exf5 Qc8 19. Bxc5 dxc5 20. Qd3 e4 21. Nxe4 Qxf5 22. g4 Qg6 23. f4 Rfe8 24. f5 Qb6 25. f6 Bxf6 26. Nxf6+ Qxf6 27. Rhf1 Qg7 28. Qg3 Re5 29. d6 cxd6 30. Rxd6 Rae8 31. Rd7 Re3 32. Qxe3 Rxe3 33. Rd8+ Qf8 34. Rxf8+ Kxf8 35. Ba4 Rxh3 36. Rf6 Nf3 37. Rb6 h5 38. Rxb7 hxg4 39. Bc6 Rh1+ 0-1

[Event "26th OIBM 2023"]
[Site "Gmund am Tegernsee"]
[Date "2023.10.28"]
[Round "1.36"]
[White "Lavrencic, Matic"]
[Black "Roemhild, Marcus"]
[Result "1-0"]
[ECO "B38"]
[WhiteElo "2319"]
[BlackElo "2050"]
[Annotator "ChessBase"]
[PlyCount "79"]
[EventDate "2023.10.04"]
[EventType "swiss"]
[EventCountry "GER"]
[SourceTitle "playchess.com"]
[Source "ChessBase"]
[SourceQuality "1"]
[TimeControl "40/5400+30:1800+30"]

1. e4 c5 2. Nf3 g6 3. d4 cxd4 4. Nxd4 Nc6 5. c4 Bg7 6. Be3 Nf6 7. Nc3 Nxd4 8. Bxd4 O-O 9. Be2 d6 10. O-O Bd7 11. Re1 Bc6 12. Bf1 a5 13. Qd2 Nd7 14. Bxg7 Kxg7 15. b3 Qb6 16. Rab1 Qc5 17. Qb2 Kg8 18. a3 Qe5 19. b4 axb4 20. axb4 b6 21. g3 Rfc8 22. Bh3 e6 23. Qb3 Qh5 24. Bg2 Ne5 25. Rbd1 Rd8 26. Rd4 Nf3+ 27. Bxf3 Qxf3 28. b5 Bb7 29. Qb2 e5 30. Rdd1 Rac8 31. Qb4 h5 32. Re3 Qf6 33. Na4 d5 34. exd5 h4 35. Nc3 hxg3 36. hxg3 Qg5 37. Ne4 Qf5 38. Qe7 Kg7 39. Nd6 Rxd6 40. Qxd6 1-0

[Event "26th OIBM 2023"]
[Site "Gmund am Tegernsee"]
[Date "2023.10.28"]
[Round "1.37"]
[White "Fauth, Dietmar"]
[Black "Koepke, Christian"]
[Result "1-0"]
[ECO "B12"]
[WhiteElo "2048"]
[BlackElo "2317"]
[Annotator "ChessBase"]
[PlyCount "137"]
[EventDate "2023.10.04"]
[EventType "swiss"]
[EventCountry "GER"]
[SourceTitle "playchess.com"]
[Source "ChessBase"]
[SourceQuality "1"]
[TimeControl "40/5400+30:1800+30"]

1. e4 c6 2. d4 d5 3. e5 Bf5 4. Nf3 e6 5. Be2 Nd7 6. O-O a5 7. a4 f6 8. c4 fxe5 9. dxe5 Bc5 10. cxd5 exd5 11. Nd4 Bxd4 12. Qxd4 Ne7 13. Bg5 O-O 14. Nd2 h6 15. Bh4 Bh7 16. Bg4 Qe8 17. Bxe7 Qxe7 18. f4 Rae8 19. Rae1 Qc5 20. Nb3 Qxd4+ 21. Nxd4 Nc5 22. Re3 Be4 23. b3 Nd3 24. g3 Re7 25. Rd1 Nb4 26. Ne6 Rff7 27. Rxe4 dxe4 28. Rd8+ Kh7 29. Nf8+ Rxf8 30. Rxf8 g6 31. Kf2 Nd5 32. Rb8 Kg7 33. Bc8 b6 34. h4 h5 35. Bh3 b5 36. Bg2 bxa4 37. bxa4 Nc3 38. Ke3 Nxa4 39. Bxe4 Rc7 40. Ra8 Nb2 41. Ra6 a4 42. Bxc6 a3 43. Bd5 Rc3+ 44. Ke4 Nd1 45. Ra7+ Kf8 46. e6 Re3+ 47. Kd4 Re2 48. Be4 Nf2 49. Bxg6 Rxe6 50. Bxh5 Re4+ 51. Kd5 Re3 52. f5 Rd3+ 53. Ke5 Re3+ 54. Kf4 Re7 55. Rxa3 Ne4 56. Re3 Nf6 57. Rxe7 Kxe7 58. Bf3 Kf7 59. g4 Kg7 60. g5 Nd7 61. Bc6 Nf8 62. Ke5 Kf7 63. h5 Kg7 64. h6+ Kh7 65. Kf6 Kg8 66. g6 Kh8 67. g7+ Kh7 68. gxf8=R Kxh6 69. Rh8# 1-0

[Event "26th OIBM 2023"]
[Site "Gmund am Tegernsee"]
[Date "2023.10.28"]
[Round "1.38"]
[White "Forchert, Martin"]
[Black "Scheckenbach, Franz"]
[Result "1-0"]
[ECO "B90"]
[WhiteElo "2317"]
[BlackElo "2046"]
[Annotator "ChessBase"]
[PlyCount "75"]
[EventDate "2023.10.04"]
[EventType "swiss"]
[EventCountry "GER"]
[SourceTitle "playchess.com"]
[Source "ChessBase"]
[SourceQuality "1"]
[TimeControl "40/5400+30:1800+30"]

1. e4 c5 2. Nf3 d6 3. d4 cxd4 4. Nxd4 Nf6 5. Nc3 a6 6. h3 e5 7. Nde2 Be6 8. Bg5 Nbd7 9. g4 Be7 10. Bg2 b5 11. a4 b4 12. Nd5 Bxd5 13. exd5 h6 14. Bd2 Rb8 15. Ng3 g6 16. O-O Kf8 17. c4 Kg7 18. b3 a5 19. Qc2 Nc5 20. f4 Nfd7 21. f5 Nf6 22. fxg6 fxg6 23. Rf2 Qc7 24. Raf1 Rbf8 25. Be3 Nfd7 26. Be4 Nxe4 27. Nxe4 Rxf2 28. Rxf2 Nf6 29. Ng3 Rf8 30. Qd2 Ng8 31. Rxf8 Bxf8 32. Ne4 Qf7 33. Qf2 Qb7 34. Bb6 Qa6 35. Bd8 Qc8 36. Qb6 Be7 37. Bxe7 Nxe7 38. Qxd6 1-0

[Event "26th OIBM 2023"]
[Site "Gmund am Tegernsee"]
[Date "2023.10.28"]
[Round "1.39"]
[White "Klings, Peter"]
[Black "Dobrosmyslov, Artem"]
[Result "0-1"]
[ECO "B31"]
[WhiteElo "2045"]
[BlackElo "2316"]
[Annotator "ChessBase"]
[PlyCount "92"]
[EventDate "2023.10.04"]
[EventType "swiss"]
[EventCountry "GER"]
[SourceTitle "playchess.com"]
[Source "ChessBase"]
[SourceQuality "1"]
[TimeControl "40/5400+30:1800+30"]

1. e4 c5 2. Nf3 Nc6 3. Bb5 g6 4. Bxc6 bxc6 5. O-O Bg7 6. Re1 Nh6 7. c3 O-O 8. d4 cxd4 9. cxd4 d5 10. e5 f6 11. h3 Nf7 12. e6 Nd6 13. Nc3 Ne4 14. Nxe4 dxe4 15. Rxe4 Qd5 16. Re1 Bxe6 17. Qe2 Bd7 18. Be3 a5 19. Rec1 Be6 20. Rc5 Qd7 21. Bd2 a4 22. Bb4 Bd5 23. Rc3 Rf7 24. Bc5 Rb8 25. Ra3 g5 26. Rc1 Qf5 27. Nh2 Qf4 28. Re1 e5 29. Rxa4 e4 30. b3 f5 31. Nf1 Qh4 32. Ne3 Be6 33. Nc4 g4 34. hxg4 fxg4 35. g3 Qh5 36. Ne3 Rf6 37. Qf1 Bh6 38. Bd6 Re8 39. Be5 Rf3 40. Qg2 Ref8 41. Ra7 Rxf2 42. Qxf2 Rxf2 43. Kxf2 Qh2+ 44. Kf1 Qh1+ 45. Ke2 Qf3+ 46. Kd2 Qf2+ 0-1

[Event "26th OIBM 2023"]
[Site "Gmund am Tegernsee"]
[Date "2023.10.28"]
[Round "1.40"]
[White "Baerwinkel, Tobias"]
[Black "Glaser, Christian"]
[Result "1-0"]
[ECO "E01"]
[WhiteElo "2315"]
[BlackElo "2043"]
[Annotator "ChessBase"]
[PlyCount "75"]
[EventDate "2023.10.04"]
[EventType "swiss"]
[EventCountry "GER"]
[SourceTitle "playchess.com"]
[Source "ChessBase"]
[SourceQuality "1"]
[TimeControl "40/5400+30:1800+30"]

1. d4 d5 2. c4 c6 3. Nf3 Nf6 4. g3 e6 5. Bg2 Bb4+ 6. Nbd2 Ne4 7. O-O Nxd2 8. Nxd2 O-O 9. e4 Na6 10. e5 Be7 11. b3 b6 12. h4 Bb7 13. cxd5 cxd5 14. a3 Nc7 15. h5 Ba6 16. h6 g6 17. Re1 Qd7 18. Nf1 Rfc8 19. Ne3 Ne8 20. Qg4 Rc7 21. Bd2 Rac8 22. a4 Bd3 23. Bf1 Bxf1 24. Rxf1 Bf8 25. Qf4 Qd8 26. Kg2 f5 27. Rh1 Be7 28. Qf3 Bg5 29. a5 b5 30. Qe2 Rc6 31. a6 Nc7 32. f4 Be7 33. g4 Qe8 34. gxf5 gxf5 35. Kf3 Kh8 36. Rag1 Rxa6 37. Rg7 Bf8 38. Qg2 1-0

[Event "26th OIBM 2023"]
[Site "Gmund am Tegernsee"]
[Date "2023.10.28"]
[Round "1.41"]
[White "Buttkus, Andre"]
[Black "Unuk, Laura"]
[Result "0-1"]
[ECO "E27"]
[WhiteElo "2042"]
[BlackElo "2313"]
[Annotator "ChessBase"]
[PlyCount "22"]
[EventDate "2023.10.04"]
[EventType "swiss"]
[EventCountry "GER"]
[SourceTitle "playchess.com"]
[Source "ChessBase"]
[SourceQuality "1"]
[TimeControl "40/5400+30:1800+30"]

1. d4 Nf6 2. c4 e6 3. Nc3 Bb4 4. f3 d5 5. a3 Bxc3+ 6. bxc3 O-O 7. cxd5 exd5 8. e3 Bf5 9. g4 Nxg4 10. fxg4 Qh4+ 11. Kd2 Be4 0-1

[Event "26th OIBM 2023"]
[Site "Gmund am Tegernsee"]
[Date "2023.10.28"]
[Round "1.42"]
[White "Mai, Philipp"]
[Black "Kroneder, Christian"]
[Result "1-0"]
[ECO "D13"]
[WhiteElo "2313"]
[BlackElo "2042"]
[Annotator "ChessBase"]
[PlyCount "81"]
[EventDate "2023.10.04"]
[EventType "swiss"]
[EventCountry "GER"]
[SourceTitle "playchess.com"]
[Source "ChessBase"]
[SourceQuality "1"]
[TimeControl "40/5400+30:1800+30"]

1. d4 d5 2. c4 c6 3. Nf3 Nf6 4. Nc3 a6 5. cxd5 cxd5 6. Bf4 Nc6 7. e3 Bg4 8. Be2 e6 9. O-O Bd6 10. Bxd6 Qxd6 11. Rc1 O-O 12. h3 Bxf3 13. Bxf3 b5 14. e4 Qd7 15. e5 Ne8 16. Qd2 f6 17. Rfe1 Rc8 18. Bg4 fxe5 19. dxe5 Rc7 20. Ne4 Nxe5 21. Nc5 Qd6 22. Bxe6+ Kh8 23. Qxd5 Qxd5 24. Bxd5 Rxc5 25. Rxc5 Nd3 26. Rec1 Nd6 27. Rc6 Nxc1 28. Rxc1 Rd8 29. Rc6 a5 30. Ra6 a4 31. b3 axb3 32. axb3 g6 33. Ra8 Rxa8 34. Bxa8 Kg7 35. Kf1 Kf6 36. Ke2 Ke5 37. Kd3 b4 38. Bc6 g5 39. Ba8 h5 40. Bf3 h4 41. Bc6 1-0

[Event "26th OIBM 2023"]
[Site "Gmund am Tegernsee"]
[Date "2023.10.28"]
[Round "1.43"]
[White "Schrems, Hermann"]
[Black "Schuster, Karsten"]
[Result "0-1"]
[ECO "B90"]
[WhiteElo "2042"]
[BlackElo "2309"]
[Annotator "ChessBase"]
[PlyCount "51"]
[EventDate "2023.10.04"]
[EventType "swiss"]
[EventCountry "GER"]
[SourceTitle "playchess.com"]
[Source "ChessBase"]
[SourceQuality "1"]
[TimeControl "40/5400+30:1800+30"]

1. e4 c5 2. Nf3 d6 3. d4 cxd4 4. Nxd4 Nf6 5. Nc3 a6 6. Be3 e5 7. Nb3 Be6 8. Qf3 Nbd7 9. h3 b5 10. O-O-O Be7 11. g4 b4 12. Nd5 Bxd5 13. exd5 h6 14. h4 a5 15. Kb1 a4 16. Nd2 Ra5 17. Nc4 e4 18. Qf4 Rxd5 19. Rxd5 Nxd5 20. Qxe4 N7f6 21. Qd4 Qa8 22. Rg1 Nxe3 23. Nxe3 O-O 24. Bg2 d5 25. g5 hxg5 26. hxg5 0-1

[Event "26th OIBM 2023"]
[Site "Gmund am Tegernsee"]
[Date "2023.10.28"]
[Round "1.44"]
[White "Garner, Isaac"]
[Black "Weichelt, Jens"]
[Result "1-0"]
[ECO "D02"]
[WhiteElo "2309"]
[BlackElo "2042"]
[Annotator "ChessBase"]
[PlyCount "35"]
[EventDate "2023.10.04"]
[EventType "swiss"]
[EventCountry "GER"]
[SourceTitle "playchess.com"]
[Source "ChessBase"]
[SourceQuality "1"]
[TimeControl "40/5400+30:1800+30"]

1. Nf3 d5 2. g3 Nf6 3. Bg2 c6 4. O-O g6 5. d4 Bg7 6. a4 a5 7. c4 O-O 8. cxd5 cxd5 9. Nc3 e6 10. Bf4 Nc6 11. Rc1 Nh5 12. Be3 Bd7 13. Qb3 Ra6 14. Nb5 Rb6 15. Ne5 Na7 16. Nxd7 Qxd7 17. Rc5 Nxb5 18. Rxb5 1-0